 Dungeon Crawl Stone Soup version 0.24-a0-55-g853fe2e (webtiles) character file.

Game seed: 7640748588624249018

18 DrEnzyme the Chiller (level 2, 0/20 HPs)
             Began as a Draconian Wanderer on Feb 4, 2019.
             Slain by a hobgoblin
             ... wielding a +0 club
              (4 damage)
             ... on level 1 of the Dungeon.
             The game lasted 00:06:02 (794 turns).

DrEnzyme the Chiller (Draconian Wanderer)            Turns: 794, Time: 00:06:02

Health: 0/20       AC:  4    Str: 12    XL:     2   Next: 48%
Magic:  2/5        EV: 11    Int: 17    God:
Gold:   35         SH:  0    Dex:  7    Spells: 1/5 levels left

rFire    . . .     SeeInvis .   d - +0 club
rCold    . . .     Gourm    .   (no shield)
rNeg     . . .     Faith    .   (armour unavailable)
rPois    .         Spirit   .   (helmet restricted)
rElec    .         Reflect  .   (no cloak)
rCorr    .         Harm     .   (no gloves)
MR       .....                  (no boots)
Stlth    +.........             (no amulet)
HPRegen  0.06/turn              (no ring)
MPRegen  0.09/turn              (no ring)

@: very slightly contaminated
A: unfitting armour, cold-blooded, AC +4
a: no special abilities


You were on level 1 of the Dungeon.
You were not hungry.

You visited 1 branch of the dungeon, and saw 1 of its levels.

You collected 35 gold pieces.

Inventory:

Hand Weapons
 d - a +0 club (weapon)
Missiles
 a - 8 stones (quivered)
Scrolls
 e - a scroll of identify {unknown}
Potions
 b - a potion of might {unknown}
Comestibles
 f - a ration
 g - 5 chunks of flesh


   Skills:
 * Level 0.4 Dodging
   Level 1.0 Shields
 + Level 2.1 Spellcasting
 * Level 1.2 Conjurations
   Level 2.0 Summonings
 - Level 3.0 Ice Magic
   Level 1.0 Poison Magic
   Level 1.0 Evocations


You had one spell level left.
You knew the following spells:

 Your Spells              Type           Power        Failure   Level  Hunger
a - Magic Dart            Conj           #...         12%         1    #......
b - Animate Skeleton      Necr           N/A          19%         1    #......
c - Ensorcelled Hibernat  Hex/Ice        #.....       16%         2    ###....

Your spell library contained the following spells:

 Spells                   Type           Power        Failure   Level  Hunger
 Throw Frost              Conj/Ice       #.....       12%         2    ###....
 Searing Ray              Conj           #.....       17%         2    ###....
 Dazzling Spray           Conj/Hex       #.....       41%         3    ###....
 Regeneration             Chrm/Necr      #.........   50%         3    ###....
 Iskenderun's Mystic Bla  Conj           #.......     75%         4    #####..
 Force Lance              Conj/Tloc      #.......     83%         4    #####..
 Fulminant Prism          Conj/Hex       #.........   83%         4    #####..


Dungeon Overview and Level Annotations

Branches:
Dungeon (1/15)

Altars:


Innate Abilities, Weirdness & Mutations

Your plain brown scales are hard. (AC +4)
You cannot fit into any form of body armour.
You are cold-blooded and may be slowed by cold attacks.


Message History

You escape the ball python's grasp.
You barely miss the hobgoblin. You tail-slap the hobgoblin.
The hobgoblin is moderately wounded.
The hobgoblin hits you with a +0 club.
You barely miss the hobgoblin.
The hobgoblin is moderately wounded.
The hobgoblin misses you. The hobgoblin closely misses you.
You hit the hobgoblin but do no damage.
The hobgoblin is moderately wounded.
The hobgoblin hits you with a +0 club.
You barely miss the hobgoblin.
The hobgoblin is moderately wounded.
The hobgoblin hits you with a +0 club.
* * * LOW HITPOINT WARNING * * *
Okay, then.
As you read the scroll labeled KAMAIWKAILA, it crumbles to dust.
It is a scroll of amnesia.
Okay, then.
The hobgoblin hits you with a +0 club.
You die...

#. #...##.....'....#
##.####..##.....######
#........##.....#
#........##.....#
#........##.##### #####
#........##.# #...#
#........##.# #...#
#........##.###########...##
............Sg@.............#
##########.#'#####...###....#
#...........# #....###
#........#### #.......
##.......# ##...... #.......#
#...... #.......# #......
#.......# #...... #.>.....#
#......


You could see a hobgoblin and a ball python.

Vanquished Creatures
  A leopard gecko (D:1)
  2 bats (D:1)
  4 giant cockroaches (D:1)
  2 hobgoblins (D:1)
  2 kobolds (D:1)
11 creatures vanquished.

Vanquished Creatures (collateral kills)
  2 frilled lizards (D:1)
  A goblin (D:1)
  A kobold (D:1)
  A rat (D:1)
5 creatures vanquished.

Grand Total: 16 creatures vanquished

Notes
Turn   | Place    | Note
-------+----------+-------------------------------------------
     0 | D:1      | DrEnzyme the Draconian Wanderer began the quest for the
                  | Orb.
     0 | D:1      | DrEnzyme set off with the following items: a +0 club, a
                  | ration; and the following spells available to memorise:
                  | Magic Dart, Throw Frost, Ensorcelled Hibernation, Animate
                  | Skeleton, Searing Ray, Dazzling Spray, Regeneration,
                  | Iskenderun's Mystic Blast, Force Lance, Fulminant Prism
     0 | D:1      | Reached XP level 1. HP: 14/14 MP: 2/2
    21 | D:1      | Learned a level 1 spell: Magic Dart
    23 | D:1      | Learned a level 1 spell: Animate Skeleton
   359 | D:1      | Reached XP level 2. HP: 20/20 MP: 0/4
   500 | D:1      | Learned a level 2 spell: Ensorcelled Hibernation
   794 | D:1      | Slain by a hobgoblin

Vault maps used:
D:1:      ncdulo_wetmaze

Skill      XL: |  1  2 |
---------------+-------+-----
Spellcasting   | 2 |  2.1
Dodging        | |  0.4
Shields        | |  1.0
Conjurations   | |  1.2
Summonings     | |  2.0
Ice Magic      | |  3.0
Poison Magic   | |  1.0
Evocations     | |  1.0

Action                   || total
-------------------------++-------
Melee: Club              ||    44
       Tailslap          ||     4
 Cast: Magic Dart        ||    14
       Animate Skeleton  ||     5
  Use: Scroll            ||     1
Armor: Skin              ||    22
Dodge: Dodged            ||    41

Table legend:
 A = Non-vault XP
 B = Vault XP
 C = Vault XP percentage of total XP
 D = Non-vault monster count
 E = Vault monster count
 F = Vault count percentage of total count
                 A         B        C        D         E       F
            +---------+---------+-------+---------+---------+-------
      Total |      26 |       0 |   0.0 |      16 |       0 |   0.0
            +---------+---------+-------+---------+---------+-------
        D:1 |      26 |       0 |   0.0 |      16 |       0 |   0.0
            +---------+---------+-------+---------+---------+-------
